 Dungeon Crawl Stone Soup version 0.29.1-15-g9cfb28693d (webtiles) character file.

Game seed: 12162627705447033228

447 BuddhaDhamma the Cleaver (level 6, -4/51 HPs)
             Began as a Minotaur Berserker on Mar 7, 2023.
             Was a Priest of Trog.
             Slain by Duvessa
             ... wielding a +0 short sword
              (6 damage)
             ... on level 5 of the Dungeon.
             The game lasted 00:05:29 (3138 turns).

BuddhaDhamma the Cleaver (Minotaur Berserker)       Turns: 3138, Time: 00:05:30

Health: -4/51      AC:  7    Str: 23    XL:     6   Next: 73%
Magic:  5/5        EV: 10    Int:  4    God:    Trog [***...]
Gold:   203        SH:  0    Dex: 10    Spells: 5/5 levels left

rFire   . . .      SeeInvis .   l - +1 war axe
rCold   . . .      Faith    .   (no shield)
rNeg    . . .      Spirit   .   r - +0 scale mail
rPois   .          Reflect  .   (helmet restricted)
rElec   .          Harm     .   (no cloak)
rCorr   .          Rampage  .   (no gloves)
Will    .....                   b - +0 pair of boots
Stlth   ..........              (no amulet)
HPRegen 0.17/turn               (no ring)
MPRegen 0.09/turn               (no ring)

@: no status effects
A: horns 2, retaliatory headbutt
a: Renounce Religion, Berserk, Trog's Hand


You were on level 5 of the Dungeon.
You worshipped Trog.
Trog was most pleased with you.
You visited 1 branch of the dungeon, and saw 5 of its levels.

You collected 203 gold pieces.

Inventory:

Hand Weapons
 l - a +1 war axe (weapon)
Armour
 b - a +0 pair of boots (worn)
 r - a +0 scale mail (worn)
Wands
 m - a wand of flame (13)
 q - a wand of iceblast (3)
Scrolls
 c - a scroll of poison {unknown}
 p - 2 scrolls of enchant weapon
Potions
 a - 3 potions of invisibility
 d - a potion of might {unknown}
 g - 6 potions of curing
 i - a potion of haste {unknown}
 n - a potion of brilliance {unknown}


   Skills:
 - Level 3.6 Fighting
 + Level 9.2 Axes
 - Level 2.4 Armour
 - Level 2.1 Dodging


You had 5 spell levels left.
You didn't know any spells.
Your spell library was empty.

Dungeon Overview and Level Annotations

Branches:
Dungeon (5/15)             Temple (0/1) D:4

Altars:

Shops:
D:1 *   D:2 *

Annotations:
D:5 Duvessa


Innate Abilities, Weirdness & Mutations

You have a pair of horns on your head.
You reflexively headbutt those who attack you in melee.


Message History

You bump into the rock wall.
You feel less confused.
Duvessa says, "Where magic fails, the sword succeeds!"
Duvessa hits you with a +0 short sword!
Dowan says, "My weaknesses are her strengths!"
You hit Duvessa.
Duvessa is lightly wounded.
Duvessa hits you but does no damage. Duvessa hits you with a +0 short sword.
Dowan barely misses you. You furiously retaliate!
You headbutt Dowan! You hit Duvessa but do no damage.
You headbutt Duvessa, but do no damage.
Duvessa is lightly wounded.
You closely miss Dowan. Duvessa hits you but does no damage.
Dowan barely misses you.
You hit Duvessa but do no damage.
Duvessa is moderately wounded.
You miss Dowan. Dowan barely misses you. You furiously retaliate!
You headbutt Dowan! Duvessa hits you with a +0 short sword!
You barely miss Duvessa. You headbutt Duvessa, but do no damage.
Duvessa is moderately wounded.
You hit Dowan.
You kill Dowan!
Trog accepts your kill.
Trog appreciates your killing of a magic user.
Duvessa screams in rage.
Duvessa goes berserk!
Duvessa looks more healthy.
Duvessa hits you with a +0 short sword!
You barely miss Duvessa.
Duvessa is moderately wounded.
Duvessa hits you with a +0 short sword.
* * * LOW HITPOINT WARNING * * *
Duvessa hits you with a +0 short sword.
* * * LOW HITPOINT WARNING * * *
You barely miss Duvessa. Your headbutt misses Duvessa.
Duvessa is moderately wounded.
Duvessa hits you with a +0 short sword!
* * * LOW HITPOINT WARNING * * *
You hit Duvessa.
Duvessa is moderately wounded.
You slash the worm! Duvessa hits you with a +0 short sword.
You die...

.>............
#.......#...##
........#....# ###
##...........######.#
##....#.>....###..#..##
.... ##..............##
##... ##..#.............
......#.#.#...........).
#((.e@#.......†.....)#
#...w..............#.#
......##................
......#...#.............
...................###.#
..... #.#........# #..
..... .#........# ...
#... .. .. ....


You could see Duvessa (berserk) and a worm.

Vanquished Creatures
  2 scorpions (D:4)
  Dowan (D:5)
  A jelly (D:3)
  3 hounds
  An orc priest (D:3)
  3 adders
  2 ufetubi (D:4)
  A worm (D:2)
  A dart slug (D:1)
  11 orcs
  4 bats
  8 endoplasms
  2 giant cockroaches
  13 goblins
  4 hobgoblins
  4 jackals (D:2)
  7 kobolds
  2 quokkas
  4 ball pythons
  4 frilled lizards
  7 rats
85 creatures vanquished.

Notes
Turn   | Place    | Note
-------+----------+-------------------------------------------
     0 | D:1      | BuddhaDhamma the Minotaur Berserker began the quest for the
                  | Orb.
     0 | D:1      | Reached XP level 1. HP: 19/19 MP: 0/0
    26 | D:1      | Found Hithroace's General Store.
    45 | D:1      | Reached skill level 4 in Axes
   261 | D:1      | Reached XP level 2. HP: 26/26 MP: 1/1
   739 | D:2      | Reached skill level 5 in Axes
   886 | D:2      | Found Otutef's Assorted Antiques.
   953 | D:2      | Reached XP level 3. HP: 29/31 MP: 2/2
  1015 | D:2      | Reached ** piety under Trog
  1669 | D:3      | Reached skill level 6 in Axes
  1669 | D:3      | Reached XP level 4. HP: 39/39 MP: 3/3
  2017 | D:3      | Identified the +3 trident "Impslayer" {pain, rPois rC-
                  | Int+3 Dex+2}
  2038 | D:3      | Found a faded altar of an unknown god.
  2393 | D:4      | Noticed a scorpion
  2398 | D:4      | Killed a scorpion
  2399 | D:4      | Reached skill level 7 in Axes
  2399 | D:4      | Reached XP level 5. HP: 44/45 MP: 4/4
  2587 | D:4      | Found a staircase to the Ecumenical Temple.
  2609 | D:4      | Reached skill level 8 in Axes
  2742 | D:4      | Reached XP level 6. HP: 51/51 MP: 5/5
  3017 | D:5      | Entered Level 5 of the Dungeon
  3121 | D:5      | Reached skill level 9 in Axes
  3127 | D:5      | Noticed Duvessa
  3127 | D:5      | Noticed Dowan
  3135 | D:5      | Killed Dowan
  3135 | D:5      | Reached *** piety under Trog
  3137 | D:5      | HP: 2/51 [Duvessa/+0 short sword (9)]
  3138 | D:5      | Slain by Duvessa

Illustrated notes

Levels and vault maps discovered:
D:1:      psy_arrival_fountain, layout_rooms, serial_shops,
          nicolae_shop_competitors_out_of_business
D:2:      layout_basic, serial_shops, nicolae_shop_hallway_plus
D:3:      layout_basic, hellmonk_ecumenical_altar_run_dry, minivault_25,
          minmay_misc_feat_encased
D:4:      layout_basic, minmay_temple_entry_slanted
D:5:      layout_cave_pools, ebering_ghost_inner_flame, uniq_duvessa,
          uniq_crazy_yiuf_cottage, uniq_grinder

Skill      XL: |  1  2  3  4  5  6 |
---------------+-------------------+-----
Axes           | 4 5 6 7 8 9 |  9.2
Fighting       | |  3.6
Armour         | |  2.4
Dodging        | |  2.1

Action                   |  1- 3 |  4- 6 || total
-------------------------+-------+-------++-------
Melee: Hand axe          |    53 |       ||    53
       Headbutt          |     9 |    15 ||    24
       War axe           |    29 |    87 ||   116
Throw: Dart              |       |     2 ||     2
Invok: Berserk           |     3 |       ||     3
  Use: Scroll            |       |     9 ||     9
Armor: Animal skin       |     4 |       ||     4
       Ring mail         |    23 |     4 ||    27
       Scale mail        |       |    36 ||    36
Dodge: Dodged            |    49 |    44 ||    93
